Philadelphia Flyers vs Edmonton Oilers

Created - vendredi 14 décembre 2018 at 19:00

Goals
1 2 3 T
Philadelphia Flyers 0 0 0 0
Edmonton Oilers 0 1 1 2
Shots
1 2 3 T
Philadelphia Flyers 3 19 6 28
Edmonton Oilers 10 10 7 27

1st period

No Goal

Penalties :
Scott Laughton (PHI) for Holding (Minor) at 10:53, Nolan Patrick (PHI) for Hooking (Minor) at 17:35

2nd period

1. Edmonton Oilers , Sam Gagner 7 (Jordan Eberle 3, Zach Werenski 7) at 1:47 (PP)

Penalties :
Brandon Manning (PHI) for Holding Stick (Minor) at 1:34, Wayne Simmonds (PHI) for Hooking (Minor) at 4:32, Milan Lucic (EDM) for Hooking (Minor) at 6:49

3rd period

2. Edmonton Oilers , Connor McDavid 12 (Josh Bailey 13, Zach Werenski 8) at 9:02

Penalties :
Mark Borowiecki (PHI) for Interference (Minor) at 9:05, Erik Gudbranson (EDM) for High sticking (Minor) at 14:30, Brenden Dillon (PHI) for Hooking (Minor) at 16:51

Goalie Stats

Henrik Lundqvist (PHI), 25 saves from 27 shots - (0.926), L, 14-7-3, 60:00 minutes
Ondrej Pavelec (EDM), 28 saves from 28 shots - (1.000), W, 3-6-2, 60:00 minutes

Players Stats for Philadelphia Flyers

Player Name              G  A  P  +/- PIM S  H  SB GA TA FO     MP     PP MP  PK MP  
------------------------------------------------------------------------------------
Brandon Manning          0  0  0   0  2   1  2  0  0  1  0/0    19:26   2:06   1:35 
Brandon Sutter           0  0  0  -1  0   4  2  0  2  1  9/20   16:41   0:00   4:51 
Brenden Dillon           0  0  0  -1  2   1  2  0  0  0  0/0    19:51   0:10   4:02 
Brian Gionta             0  0  0  -1  0   3  1  0  0  1  1/2    12:02   0:08   0:00 
Claude Giroux            0  0  0   0  0   3  3  3  1  0  7/13   16:29   2:10   2:20 
Ivan Provorov            0  0  0   0  0   1  2  2  0  0  0/0    23:00   1:52   4:59 
Jacob de la Rose         0  0  0   0  0   1  2  0  0  0  0/0    12:02   0:05   0:17 
Jakub Voracek            0  0  0   0  0   0  0  0  0  1  0/0    13:21   1:46   0:00 
Mark Borowiecki          0  0  0   0  2   2  2  1  0  1  0/0    20:35   1:42   3:51 
Michael Raffl            0  0  0   0  0   2  3  1  0  0  1/1    15:03   0:00   4:19 
Nolan Patrick            0  0  0   0  2   1  0  1  0  0  4/9    10:57   0:00   0:00 
Pavel Buchnevich         0  0  0   0  0   1  0  0  0  0  0/2    13:12   1:43   0:00 
Robert Hagg              0  0  0   0  0   0  1  1  0  0  0/0    15:21   0:00   0:26 
Scott Laughton           0  0  0  -1  2   1  1  0  0  0  0/0    11:21   0:00   0:00 
Sean Couturier           0  0  0   0  0   0  2  2  1  0  2/13   18:03   1:48   4:50 
Travis Konecny           0  0  0   0  0   2  1  0  0  0  0/1    13:10   2:07   0:00 
Wayne Simmonds           0  0  0   0  2   3  0  0  0  1  1/1    17:08   2:07   3:39 
Zdeno Chara              0  0  0  -1  0   2  2  1  0  1  0/0    22:04   2:06   5:23 

Players Stats for Edmonton Oilers

Player Name              G  A  P  +/- PIM S  H  SB GA TA FO     MP     PP MP  PK MP  
------------------------------------------------------------------------------------
Brandon Davidson         0  0  0   0  0   1  1  0  0  1  0/0    15:43   0:00   2:09 
Brock Nelson             0  0  0   1  0   0  2  0  0  0  2/2    18:58   4:46   0:00 
Calvin de Haan           0  0  0   0  0   1  1  1  0  1  0/0    22:42   4:37   1:59 
Connor McDavid           1  0  1   1  0   4  1  0  2  0  13/20  21:36   4:59   1:51 
Erik Gudbranson          0  0  0   0  2   0  1  1  0  0  0/0    14:43   0:00   0:52 
Erik Gustafsson          0  0  0   0  0   1  0  0  0  0  0/0    16:33   5:31   0:00 
Jake DeBrusk             0  0  0   0  0   2  3  0  0  0  1/1    16:05   3:37   0:00 
Joel Armia               0  0  0   0  0   3  2  0  0  0  0/0    13:12   0:41   1:58 
Johnny Oduya             0  0  0   0  0   0  0  1  1  0  0/0     7:28   0:00   1:59 
Jordan Eberle            0  1  1   0  0   2  0  0  0  0  0/1    17:22   4:36   0:00 
Jordan Oesterle          0  0  0   1  0   1  0  0  0  0  0/0    21:15   4:37   0:00 
Josh Bailey              0  1  1   1  0   2  1  0  2  0  1/1    18:29   4:39   0:00 
Milan Lucic              0  0  0   0  2   0  1  0  1  1  0/0    11:32   0:22   0:00 
Sam Gagner               1  0  1   0  0   4  3  0  0  0  3/11   17:36   4:27   0:00 
Tobias Rieder            0  0  0   0  0   0  1  0  0  0  0/1     9:34   0:00   0:18 
Tyler Pitlick            0  0  0   0  0   0  1  0  0  0  0/0    10:39   0:00   1:51 
Valtteri Filppula        0  0  0   0  0   4  3  1  1  1  17/25  20:34   2:17   1:58 
Zach Werenski            0  2  2   1  0   2  0  1  0  0  0/0    21:59   5:31   0:57 

3 Stars

1 - Ondrej Pavelec (EDM)
2 - Connor McDavid (EDM)
3 - Sam Gagner (EDM)

Power Play

Philadelphia Flyers - 0 on 2 Attempt(s) - 0.00%
Edmonton Oilers - 1 on 6 Attempt(s) - 16.67%

Penalty Kill

Philadelphia Flyers - 5 on 6 Attempt(s) - 83.33% - Score 0 goal in Penalty Kill
Edmonton Oilers - 2 on 2 Attempt(s) - 100.00% - Score 0 goal in Penalty Kill

Team Stat

Philadelphia Flyers - Hits : 26 - Faceoff Wins : 25 - Blocked Shots : 12 - Penalty Minutes : 12
Edmonton Oilers - Hits : 21 - Faceoff Wins : 37 - Blocked Shots : 5 - Penalty Minutes : 4

Official

Referees : Eric Furlatt and Ian Walsh
Linesman : Kory Nagy and Ryan Daisy

Game Notes

No Game Note

Finance

Level 1 -- Attendance: 8912 (84.08%) -- Ticket Income fr. 712'960
Level 2 -- Attendance: 1655 (75.23%) -- Ticket Income fr. 107'575
Level 3 -- Attendance: 3700 (100.00%) -- Ticket Income fr. 122'100
Level 4 -- Attendance: 1308 (90.21%) -- Ticket Income fr. 26'160
Luxury Box -- Attendance: 48 (96.00%) -- Ticket Income fr. 9'600
Game was played at the Rogers Place.
Total Attendance: 15623 (86.79%)
Total Ticket Income: fr. 978'395
Total Income: fr. 978'395

Philadelphia Flyers

5 vs 5 Forward 
   Center                   Left Wing                Right Wing               Time % Phy DF OF 
 1 Claude Giroux            Jakub Voracek            Pavel Buchnevich         25     0   2  3  
 2 Sean Couturier           Travis Konecny           Wayne Simmonds           25     0   2  3  
 3 Brandon Sutter           Scott Laughton           Brian Gionta             25     0   2  2  
 4 Nolan Patrick            Jacob de la Rose         Michael Raffl            25     1   4  0  

5 vs 5 Defense 
   Defense                  Defense                                           Time % Phy DF OF 
 1 Brenden Dillon           Zdeno Chara                                       33     1   3  1  
 2 Ivan Provorov            Brandon Manning                                   33     1   3  1  
 3 Mark Borowiecki          Robert Hagg                                       33     1   3  1  
 4 Zdeno Chara              Ivan Provorov                                     1      1   3  1  

PowerPlay Forward 
   Center                   Left Wing                Right Wing               Time % Phy DF OF 
 1 Claude Giroux            Travis Konecny           Wayne Simmonds           60     0   0  5  
 2 Sean Couturier           Jakub Voracek            Pavel Buchnevich         40     0   0  5  

PowerPlay Defense
   Defense                  Defense                                           Time % Phy DF OF 
 1 Ivan Provorov            Mark Borowiecki                                   50     0   0  5  
 2 Zdeno Chara              Brandon Manning                                   50     0   0  5  

Penalty Kill 4 Players Forward 
   Center                   Wing                     Time % Phy DF OF 
 1 Sean Couturier           Michael Raffl            50     1   4  0  
 2 Brandon Sutter           Wayne Simmonds           50     1   4  0  

Penalty Kill 4 Players Defense
   Defense                  Defense                  Time % Phy DF OF 
 1 Zdeno Chara              Brenden Dillon           50     1   4  0  
 2 Mark Borowiecki          Ivan Provorov            50     1   4  0  

Penalty Kill - 3 Players Forward 
   Forward                                           Time % Phy DF OF 
 1 Brandon Sutter                                    50     0   5  0  
 2 Sean Couturier                                    50     0   5  0  

Penalty Kill - 3 Players Defense
   Defense                  Defense                  Time % Phy DF OF 
 1 Ivan Provorov            Brandon Manning          50     0   5  0  
 2 Zdeno Chara              Brenden Dillon           50     0   5  0  

4 vs 4 Forward 
   Center                   Wing                     Time % Phy DF OF 
 1 Brandon Sutter           Jakub Voracek            50     0   2  3  
 2 Sean Couturier           Wayne Simmonds           50     0   2  3  

4 vs 4 Defense
   Defense                  Defense                  Time % Phy DF OF 
 1 Brandon Manning          Ivan Provorov            50     1   2  2  
 2 Zdeno Chara              Mark Borowiecki          50     1   2  2  

Last Minutes Offensive
   Center                   Left Wing                Right Wing               Defense                  Defense                  
   Claude Giroux            Travis Konecny           Jakub Voracek            Ivan Provorov            Mark Borowiecki          

Last Minutes Defensive
   Center                   Left Wing                Right Wing               Defense                  Defense                  
   Sean Couturier           Wayne Simmonds           Brandon Sutter           Zdeno Chara              Brenden Dillon           

Goaltenders
Starting : Henrik Lundqvist         
Backup : Brian Elliott            

Extra Forwards
Normal : Claude Giroux, Sean Couturier, Wayne Simmonds - PP : Claude Giroux, Jakub Voracek - PK : Brandon Sutter
Extra Defensemen
Normal : Ivan Provorov, Zdeno Chara, Mark Borowiecki - PP : Ivan Provorov - PK : Zdeno Chara, Ivan Provorov
Penalty Shots
Claude Giroux, Jakub Voracek, Sean Couturier, Wayne Simmonds, Travis Konecny
Custom OT Lines Forwards
Claude Giroux, Sean Couturier, Jakub Voracek, Wayne Simmonds, Travis Konecny, Pavel Buchnevich, Brandon Sutter, Brian Gionta, Michael Raffl, Nolan Patrick
Custom OT Lines Defensemen
Zdeno Chara, Ivan Provorov, Mark Borowiecki, Brenden Dillon, Brandon Manning

Scratches
Jordan Weal (Healthy), Ryan McDonagh (Sprained Left Ankle Injury)

Edmonton Oilers

5 vs 5 Forward 
   Center                   Left Wing                Right Wing               Time % Phy DF OF 
 1 Connor McDavid           Brock Nelson             Josh Bailey              30     1   1  3  
 2 Sam Gagner               Jake DeBrusk             Jordan Eberle            26     1   2  2  
 3 Valtteri Filppula        Milan Lucic              Joel Armia               23     1   3  1  
 4 Valtteri Filppula        Tobias Rieder            Tyler Pitlick            21     1   3  1  

5 vs 5 Defense 
   Defense                  Defense                                           Time % Phy DF OF 
 1 Zach Werenski            Jordan Oesterle                                   35     1   2  2  
 2 Calvin de Haan           Erik Gustafsson                                   28     1   3  1  
 3 Brandon Davidson         Erik Gudbranson                                   27     2   3  0  
 4 Johnny Oduya             Calvin de Haan                                    10     1   2  2  

PowerPlay Forward 
   Center                   Left Wing                Right Wing               Time % Phy DF OF 
 1 Connor McDavid           Jake DeBrusk             Josh Bailey              50     0   0  5  
 2 Sam Gagner               Brock Nelson             Jordan Eberle            50     0   0  5  

PowerPlay Defense
   Defense                  Defense                                           Time % Phy DF OF 
 1 Zach Werenski            Erik Gustafsson                                   50     0   1  4  
 2 Calvin de Haan           Jordan Oesterle                                   50     0   1  4  

Penalty Kill 4 Players Forward 
   Center                   Wing                     Time % Phy DF OF 
 1 Valtteri Filppula        Joel Armia               50     1   4  0  
 2 Connor McDavid           Tyler Pitlick            50     1   3  1  

Penalty Kill 4 Players Defense
   Defense                  Defense                  Time % Phy DF OF 
 1 Calvin de Haan           Erik Gudbranson          50     1   4  0  
 2 Johnny Oduya             Brandon Davidson         50     1   4  0  

Penalty Kill - 3 Players Forward 
   Forward                                           Time % Phy DF OF 
 1 Joel Armia                                        50     0   5  0  
 2 Tyler Pitlick                                     50     0   5  0  

Penalty Kill - 3 Players Defense
   Defense                  Defense                  Time % Phy DF OF 
 1 Erik Gudbranson          Calvin de Haan           50     0   5  0  
 2 Brandon Davidson         Zach Werenski            50     0   5  0  

4 vs 4 Forward 
   Center                   Wing                     Time % Phy DF OF 
 1 Connor McDavid           Josh Bailey              50     1   1  3  
 2 Valtteri Filppula        Jordan Eberle            50     1   2  2  

4 vs 4 Defense
   Defense                  Defense                  Time % Phy DF OF 
 1 Zach Werenski            Calvin de Haan           50     1   2  2  
 2 Erik Gudbranson          Jordan Oesterle          50     1   3  1  

Last Minutes Offensive
   Center                   Left Wing                Right Wing               Defense                  Defense                  
   Connor McDavid           Jordan Eberle            Josh Bailey              Zach Werenski            Erik Gustafsson          

Last Minutes Defensive
   Center                   Left Wing                Right Wing               Defense                  Defense                  
   Connor McDavid           Valtteri Filppula        Joel Armia               Zach Werenski            Calvin de Haan           

Goaltenders
Starting : Ondrej Pavelec           
Backup : Kari Lehtonen            

Extra Forwards
Normal : Connor McDavid, Milan Lucic, Sam Gagner - PP : Connor McDavid, Valtteri Filppula - PK : Tobias Rieder
Extra Defensemen
Normal : Erik Gustafsson, Zach Werenski, Calvin de Haan - PP : Zach Werenski - PK : Zach Werenski, Erik Gudbranson
Penalty Shots
Brock Nelson, Connor McDavid, Jordan Eberle, Jake DeBrusk, Zach Werenski
Custom OT Lines Forwards
Connor McDavid, Josh Bailey, Jordan Eberle, Sam Gagner, Jake DeBrusk, Milan Lucic, Valtteri Filppula, Brock Nelson, Tobias Rieder, Joel Armia
Custom OT Lines Defensemen
Zach Werenski, Calvin de Haan, Erik Gustafsson, Jordan Oesterle, Erik Gudbranson

Scratches
Brad Hunt (Healthy), Brendan Perlini (Healthy), Drake Caggiula (Healthy)

% Time on Ice - Philadelphia Flyers

Lines # - Real PCT - Wanted PCT - Time Play
Normal Forward
1 - 26% - 25% - 12:04
2 - 25% - 25% - 11:37
3 - 25% - 25% - 11:18
4 - 24% - 25% - 10:55
Normal Defense
1 - 32% - 33% - 14:55
2 - 34% - 33% - 15:29
3 - 32% - 33% - 14:53
4 - 1% - 1% - 0:37
PP Forward
1 - 55% - 60% - 2:10
2 - 45% - 40% - 1:48
PP Defense
1 - 47% - 50% - 1:52
2 - 53% - 50% - 2:06
PK Forward
1 - 51% - 50% - 5:08
2 - 49% - 50% - 5:00
PK Defense
1 - 53% - 50% - 5:20
2 - 47% - 50% - 4:48
PK3 Forward
1 - 0% - 50%
2 - 0% - 50%
PK3 Defense
1 - 0% - 50%
2 - 0% - 50%
44 Forward
1 - 0% - 50%
2 - 0% - 50%
44 Defense
1 - 0% - 50%
2 - 0% - 50%
Last Minute Offensive  - 0:00
Last Minute Defensive  - 0:00
Total
Forward - 60:00
Defense - 60:00

% Time on Ice - Edmonton Oilers

Lines # - Real PCT - Wanted PCT - Time Play
Normal Forward
1 - 32% - 30% - 14:34
2 - 28% - 26% - 12:38
3 - 22% - 23% - 9:54
4 - 19% - 21% - 8:48
Normal Defense
1 - 34% - 35% - 15:49
2 - 26% - 28% - 11:53
3 - 28% - 27% - 12:54
4 - 12% - 10% - 5:18
PP Forward
1 - 51% - 50% - 5:12
2 - 49% - 50% - 4:56
PP Defense
1 - 54% - 50% - 5:31
2 - 46% - 50% - 4:37
PK Forward
1 - 50% - 50% - 1:58
2 - 50% - 50% - 2:00
PK Defense
1 - 58% - 50% - 2:19
2 - 42% - 50% - 1:39
PK3 Forward
1 - 0% - 50%
2 - 0% - 50%
PK3 Defense
1 - 0% - 50%
2 - 0% - 50%
44 Forward
1 - 0% - 50%
2 - 0% - 50%
44 Defense
1 - 0% - 50%
2 - 0% - 50%
Last Minute Offensive  - 0:00
Last Minute Defensive  - 0:00
Total
Forward - 60:00
Defense - 60:00

Play-by-Play

1st period


0:01 of 1st period - Connor McDavid wins face-off versus Claude Giroux in neutral zone.
0:08 of 1st period - Snap shot by Claude Giroux.
0:08 of 1st period - Shot Misses the Net.
0:11 of 1st period - Icing by Connor McDavid.
0:12 of 1st period - Connor McDavid wins face-off versus Sean Couturier in Edmonton Oilers zone.
0:21 of 1st period - Wrist shot by Sean Couturier.
0:21 of 1st period - Shot Misses the Net.
1:24 of 1st period - Robert Hagg is hit by Brock Nelson and loses puck.
1:32 of 1st period - Icing by Robert Hagg.
1:33 of 1st period - Valtteri Filppula wins face-off versus Sean Couturier in Philadelphia Flyers zone.
1:38 of 1st period - Wrist shot by Tobias Rieder.
1:38 of 1st period - Shot Misses the Net.
1:59 of 1st period - Icing by Brandon Davidson.
2:00 of 1st period - Nolan Patrick wins face-off versus Sam Gagner in Edmonton Oilers zone.
2:39 of 1st period - Joel Armia is hit by Brandon Sutter and loses puck.
3:00 of 1st period - Snap shot by Connor McDavid.
3:00 of 1st period - Shot Misses the Net.
3:02 of 1st period - Wrist shot by Connor McDavid.
3:02 of 1st period - Shot Blocked by Robert Hagg.
3:36 of 1st period - Slapshot by Valtteri Filppula.
3:36 of 1st period - Stopped by Henrik Lundqvist with a rebound.
3:59 of 1st period - Off-side.
4:00 of 1st period - Valtteri Filppula wins face-off versus Claude Giroux in neutral zone.
4:35 of 1st period - Snap shot by Connor McDavid.
4:35 of 1st period - Deflect By Josh Bailey.
4:35 of 1st period - Shot Misses the Net.
4:35 of 1st period - Puck is out of play.
4:36 of 1st period - Brandon Sutter wins face-off versus Jordan Eberle in Philadelphia Flyers zone.
4:36 of 1st period - Brandon Sutter is hit by Sam Gagner.
5:09 of 1st period - Pavel Buchnevich is hit by Sam Gagner and loses puck.
5:18 of 1st period - Snap shot by Jake DeBrusk.
5:18 of 1st period - Stopped by Henrik Lundqvist without a rebound.
5:19 of 1st period - Nolan Patrick wins face-off versus Valtteri Filppula in Philadelphia Flyers zone.
5:19 of 1st period - Michael Raffl is hit by Valtteri Filppula and loses puck.
5:26 of 1st period - Slapshot by Tobias Rieder.
5:26 of 1st period - Shot Blocked by Zdeno Chara.
5:28 of 1st period - Snap shot by Valtteri Filppula.
5:28 of 1st period - Stopped by Henrik Lundqvist without a rebound.
5:29 of 1st period - Valtteri Filppula wins face-off versus Nolan Patrick in Philadelphia Flyers zone.
5:52 of 1st period - Slapshot by Tobias Rieder.
5:52 of 1st period - Shot Blocked by Michael Raffl.
5:54 of 1st period - Backhand shot by Zach Werenski.
5:54 of 1st period - Stopped by Henrik Lundqvist without a rebound.
5:55 of 1st period - Wayne Simmonds wins face-off versus Connor McDavid in Philadelphia Flyers zone.
7:07 of 1st period - Jacob de la Rose is hit by Brandon Davidson and loses puck.
7:18 of 1st period - Slapshot by Josh Bailey.
7:18 of 1st period - Stopped by Henrik Lundqvist without a rebound.
7:19 of 1st period - Connor McDavid wins face-off versus Sean Couturier in Philadelphia Flyers zone.
7:28 of 1st period - Snap shot by Travis Konecny.
7:28 of 1st period - Stopped by Ondrej Pavelec with a rebound.
7:45 of 1st period - Snap shot by Josh Bailey.
7:45 of 1st period - Shot Misses the Net.
7:47 of 1st period - Snap shot by Connor McDavid.
7:47 of 1st period - Stopped by Henrik Lundqvist with a rebound.
7:49 of 1st period - Slapshot by Jordan Oesterle.
7:49 of 1st period - Shot Blocked by Sean Couturier.
7:51 of 1st period - Slapshot by Zach Werenski.
7:51 of 1st period - Stopped by Henrik Lundqvist without a rebound.
7:52 of 1st period - Valtteri Filppula wins face-off versus Brandon Sutter in Philadelphia Flyers zone.
7:58 of 1st period - Wrist shot by Valtteri Filppula.
7:58 of 1st period - Stopped by Henrik Lundqvist with a rebound.
8:04 of 1st period - Snap shot by Valtteri Filppula.
8:04 of 1st period - Shot Hit the Post.
8:06 of 1st period - Wrist shot by Valtteri Filppula.
8:06 of 1st period - Deflect By Joel Armia.
8:06 of 1st period - Shot Misses the Net.
8:06 of 1st period - Puck is out of play.
8:07 of 1st period - Claude Giroux wins face-off versus Sam Gagner in Philadelphia Flyers zone.
8:20 of 1st period - Slapshot by Jakub Voracek.
8:20 of 1st period - Shot Hit the Post.
8:22 of 1st period - Slapshot by Zdeno Chara.
8:22 of 1st period - Shot Blocked by Erik Gudbranson.
8:36 of 1st period - Erik Gustafsson is hit by Brenden Dillon and loses puck.
8:45 of 1st period - Slapshot by Jordan Eberle.
8:45 of 1st period - Shot Hit the Post.
8:47 of 1st period - Slapshot by Sam Gagner.
8:47 of 1st period - Stopped by Henrik Lundqvist without a rebound.
8:48 of 1st period - Valtteri Filppula wins face-off versus Brandon Sutter in Philadelphia Flyers zone.
9:13 of 1st period - Mark Borowiecki is hit by Josh Bailey and loses puck.
9:19 of 1st period - Off-side.
9:20 of 1st period - Nolan Patrick wins face-off versus Connor McDavid in neutral zone.
10:32 of 1st period - Off-side.
10:33 of 1st period - Valtteri Filppula wins face-off versus Brandon Sutter in neutral zone.
10:53 of 1st period - Minor Penalty to Scott Laughton for Holding.
10:54 of 1st period - Sam Gagner wins face-off versus Brandon Sutter in Philadelphia Flyers zone.
11:07 of 1st period - Sam Gagner is hit by Brenden Dillon.
12:33 of 1st period - Josh Bailey is hit by Mark Borowiecki and loses puck.
12:53 of 1st period - Penalty to Scott Laughton is over, Scott Laughton is back on ice.
13:02 of 1st period - Connor McDavid is hit by Mark Borowiecki and loses puck.
14:48 of 1st period - Jordan Eberle is hit by Michael Raffl and loses puck.
15:01 of 1st period - Josh Bailey is hit by Claude Giroux and loses puck.
15:28 of 1st period - Calvin de Haan is hit by Claude Giroux and loses puck.
16:35 of 1st period - Calvin de Haan is hit by Jacob de la Rose and loses puck.
16:54 of 1st period - Calvin de Haan is hit by Sean Couturier and loses puck.
17:25 of 1st period - Zach Werenski is hit by Michael Raffl and loses puck.
17:35 of 1st period - Minor Penalty to Nolan Patrick for Hooking.
17:36 of 1st period - Connor McDavid wins face-off versus Sean Couturier in Philadelphia Flyers zone.
17:41 of 1st period - Wrist shot by Connor McDavid.
17:41 of 1st period - Shot Blocked by Mark Borowiecki.
17:47 of 1st period - Wrist shot by Connor McDavid.
17:47 of 1st period - Stopped by Henrik Lundqvist without a rebound.
17:48 of 1st period - Brandon Sutter wins face-off versus Connor McDavid in Philadelphia Flyers zone.
19:35 of 1st period - Penalty to Nolan Patrick is over, Nolan Patrick is back on ice.
19:45 of 1st period - Wrist shot by Claude Giroux.
19:45 of 1st period - Stopped by Ondrej Pavelec with a rebound.
19:47 of 1st period - Snap shot by Pavel Buchnevich.
19:47 of 1st period - Stopped by Ondrej Pavelec with a rebound.
Goals for this period are 0 for Philadelphia Flyers vs 0 for Edmonton Oilers.
Shots for this period are 3 for Philadelphia Flyers vs 10 for Edmonton Oilers.

2nd period


0:01 of 2nd period - Sean Couturier wins face-off versus Valtteri Filppula in neutral zone.
0:14 of 2nd period - Snap shot by Milan Lucic.
0:14 of 2nd period - Shot Misses the Net.
0:53 of 2nd period - Icing by Brenden Dillon.
0:54 of 2nd period - Valtteri Filppula wins face-off versus Brandon Sutter in Philadelphia Flyers zone.
1:07 of 2nd period - Snap shot by Milan Lucic.
1:07 of 2nd period - Shot Misses the Net.
1:18 of 2nd period - Wrist shot by Brandon Sutter.
1:18 of 2nd period - Stopped by Ondrej Pavelec without a rebound.
1:19 of 2nd period - Brock Nelson wins face-off versus Claude Giroux in Edmonton Oilers zone.
1:19 of 2nd period - Brock Nelson is hit by Claude Giroux.
1:34 of 2nd period - Minor Penalty to Brandon Manning for Holding Stick.
1:35 of 2nd period - Brandon Sutter wins face-off versus Sam Gagner in Philadelphia Flyers zone.
1:45 of 2nd period - Snap shot by Sam Gagner.
1:45 of 2nd period - Stopped by Henrik Lundqvist with a rebound.
1:47 of 2nd period - Snap shot by Sam Gagner.
1:47 of 2nd period - Goal by Sam Gagner - Philadelphia Flyers : 0 - Edmonton Oilers : 1.
1:48 of 2nd period - Valtteri Filppula wins face-off versus Sean Couturier in neutral zone.
1:53 of 2nd period - Snap shot by Valtteri Filppula.
1:53 of 2nd period - Shot Blocked by Sean Couturier.
1:55 of 2nd period - Slapshot by Tyler Pitlick.
1:55 of 2nd period - Deflect By Valtteri Filppula.
1:55 of 2nd period - Stopped by Henrik Lundqvist without a rebound.
1:56 of 2nd period - Sean Couturier wins face-off versus Tobias Rieder in Philadelphia Flyers zone.
2:01 of 2nd period - Snap shot by Wayne Simmonds.
2:01 of 2nd period - Shot Hit the Post.
2:29 of 2nd period - Snap shot by Jakub Voracek.
2:29 of 2nd period - Shot Blocked by Zach Werenski.
2:31 of 2nd period - Slapshot by Zdeno Chara.
2:31 of 2nd period - Stopped by Ondrej Pavelec without a rebound.
2:32 of 2nd period - Brandon Sutter wins face-off versus Valtteri Filppula in Edmonton Oilers zone.
2:37 of 2nd period - Slapshot by Brandon Sutter.
2:37 of 2nd period - Stopped by Ondrej Pavelec with a rebound.
2:39 of 2nd period - Slapshot by Ivan Provorov.
2:39 of 2nd period - Shot Misses the Net.
2:41 of 2nd period - Wrist shot by Brian Gionta.
2:41 of 2nd period - Deflect By Joel Armia.
2:41 of 2nd period - Stopped by Ondrej Pavelec without a rebound.
2:42 of 2nd period - Brian Gionta wins face-off versus Valtteri Filppula in Edmonton Oilers zone.
2:45 of 2nd period - Wrist shot by Brandon Sutter.
2:45 of 2nd period - Deflect By Scott Laughton.
2:45 of 2nd period - Stopped by Ondrej Pavelec without a rebound.
2:46 of 2nd period - Claude Giroux wins face-off versus Valtteri Filppula in Edmonton Oilers zone.
3:02 of 2nd period - Slapshot by Claude Giroux.
3:02 of 2nd period - Shot Misses the Net.
3:20 of 2nd period - Icing by Mark Borowiecki.
3:21 of 2nd period - Sam Gagner wins face-off versus Sean Couturier in Philadelphia Flyers zone.
3:42 of 2nd period - Wrist shot by Wayne Simmonds.
3:42 of 2nd period - Stopped by Ondrej Pavelec without a rebound.
3:43 of 2nd period - Valtteri Filppula wins face-off versus Brandon Sutter in Edmonton Oilers zone.
3:48 of 2nd period - Snap shot by Tobias Rieder.
3:48 of 2nd period - Shot Blocked by Ivan Provorov.
3:56 of 2nd period - Slapshot by Brandon Sutter.
3:56 of 2nd period - Shot Hit the Post.
4:10 of 2nd period - Ivan Provorov is hit by Erik Gudbranson and loses puck.
4:32 of 2nd period - Minor Penalty to Wayne Simmonds for Hooking.
4:33 of 2nd period - Brandon Sutter wins face-off versus Sam Gagner in Philadelphia Flyers zone.
4:42 of 2nd period - Slapshot by Calvin de Haan.
4:42 of 2nd period - Deflect By Ivan Provorov.
4:42 of 2nd period - Stopped by Henrik Lundqvist without a rebound.
4:43 of 2nd period - Brandon Sutter wins face-off versus Sam Gagner in Philadelphia Flyers zone.
5:23 of 2nd period - Snap shot by Jordan Eberle.
5:23 of 2nd period - Shot Misses the Net.
5:25 of 2nd period - Snap shot by Brock Nelson.
5:25 of 2nd period - Shot Blocked by Claude Giroux.
5:39 of 2nd period - Slapshot by Jordan Eberle.
5:39 of 2nd period - Stopped by Henrik Lundqvist without a rebound.
5:40 of 2nd period - Connor McDavid wins face-off versus Sean Couturier in Philadelphia Flyers zone.
5:54 of 2nd period - Off-side.
5:55 of 2nd period - Connor McDavid wins face-off versus Sean Couturier in neutral zone.
6:32 of 2nd period - Penalty to Wayne Simmonds is over, Wayne Simmonds is back on ice.
6:49 of 2nd period - Minor Penalty to Milan Lucic for Hooking.
6:50 of 2nd period - Claude Giroux wins face-off versus Valtteri Filppula in Edmonton Oilers zone.
6:51 of 2nd period - Snap shot by Wayne Simmonds.
6:51 of 2nd period - Stopped by Ondrej Pavelec with a rebound.
6:53 of 2nd period - Slapshot by Ivan Provorov.
6:53 of 2nd period - Shot Misses the Net.
6:55 of 2nd period - Wrist shot by Claude Giroux.
6:55 of 2nd period - Stopped by Ondrej Pavelec with a rebound.
6:57 of 2nd period - Wrist shot by Travis Konecny.
6:57 of 2nd period - Stopped by Ondrej Pavelec without a rebound.
6:58 of 2nd period - Valtteri Filppula wins face-off versus Travis Konecny in Edmonton Oilers zone.
7:25 of 2nd period - Snap shot by Tyler Pitlick.
7:25 of 2nd period - Shot Blocked by Ivan Provorov.
7:27 of 2nd period - Wrist shot by Brandon Davidson.
7:27 of 2nd period - Stopped by Henrik Lundqvist without a rebound.
7:28 of 2nd period - Connor McDavid wins face-off versus Claude Giroux in Philadelphia Flyers zone.
7:53 of 2nd period - Valtteri Filppula is hit by Zdeno Chara and loses puck.
8:44 of 2nd period - Sean Couturier is hit by Joel Armia.
8:45 of 2nd period - Icing by Sean Couturier.
8:46 of 2nd period - Valtteri Filppula wins face-off versus Sean Couturier in Philadelphia Flyers zone.
8:49 of 2nd period - Penalty to Milan Lucic is over, Milan Lucic is back on ice.
8:49 of 2nd period - Wrist shot by Joel Armia.
8:49 of 2nd period - Stopped by Henrik Lundqvist without a rebound.
8:50 of 2nd period - Connor McDavid wins face-off versus Brandon Sutter in Philadelphia Flyers zone.
8:53 of 2nd period - Slapshot by Josh Bailey.
8:53 of 2nd period - Stopped by Henrik Lundqvist with a rebound.
9:05 of 2nd period - Snap shot by Brian Gionta.
9:05 of 2nd period - Stopped by Ondrej Pavelec without a rebound.
9:06 of 2nd period - Valtteri Filppula wins face-off versus Claude Giroux in Edmonton Oilers zone.
9:14 of 2nd period - Icing by Milan Lucic.
9:15 of 2nd period - Valtteri Filppula wins face-off versus Pavel Buchnevich in Edmonton Oilers zone.
9:28 of 2nd period - Snap shot by Valtteri Filppula.
9:28 of 2nd period - Shot Blocked by Claude Giroux.
9:36 of 2nd period - Wrist shot by Claude Giroux.
9:36 of 2nd period - Stopped by Ondrej Pavelec without a rebound.
9:37 of 2nd period - Michael Raffl wins face-off versus Connor McDavid in Edmonton Oilers zone.
10:11 of 2nd period - Wrist shot by Brandon Sutter.
10:11 of 2nd period - Shot Misses the Net.
10:45 of 2nd period - Jakub Voracek is hit by Brock Nelson and loses puck.
10:58 of 2nd period - Michael Raffl is hit by Valtteri Filppula and loses puck.
11:15 of 2nd period - Wrist shot by Jake DeBrusk.
11:15 of 2nd period - Stopped by Henrik Lundqvist without a rebound.
11:16 of 2nd period - Brandon Sutter wins face-off versus Sam Gagner in Philadelphia Flyers zone.
11:21 of 2nd period - Slapshot by Ivan Provorov.
11:21 of 2nd period - Deflect By Jordan Eberle.
11:21 of 2nd period - Stopped by Ondrej Pavelec without a rebound.
11:22 of 2nd period - Connor McDavid wins face-off versus Brandon Sutter in Edmonton Oilers zone.
11:22 of 2nd period - Josh Bailey is hit by Brian Gionta and loses puck.
11:27 of 2nd period - Snap shot by Brian Gionta.
11:27 of 2nd period - Stopped by Ondrej Pavelec without a rebound.
11:28 of 2nd period - Connor McDavid wins face-off versus Brandon Sutter in Edmonton Oilers zone.
12:24 of 2nd period - Wrist shot by Sam Gagner.
12:24 of 2nd period - Stopped by Henrik Lundqvist without a rebound.
12:25 of 2nd period - Sam Gagner wins face-off versus Pavel Buchnevich in Philadelphia Flyers zone.
12:54 of 2nd period - Erik Gudbranson is hit by Scott Laughton and loses puck.
13:22 of 2nd period - Travis Konecny is hit by Valtteri Filppula.
13:37 of 2nd period - Ivan Provorov is hit by Jake DeBrusk and loses puck.
13:57 of 2nd period - Snap shot by Michael Raffl.
13:57 of 2nd period - Stopped by Ondrej Pavelec without a rebound.
13:58 of 2nd period - Claude Giroux wins face-off versus Valtteri Filppula in Edmonton Oilers zone.
14:01 of 2nd period - Slapshot by Claude Giroux.
14:01 of 2nd period - Shot Misses the Net.
14:03 of 2nd period - Slapshot by Mark Borowiecki.
14:03 of 2nd period - Stopped by Ondrej Pavelec with a rebound.
14:05 of 2nd period - Slapshot by Mark Borowiecki.
14:05 of 2nd period - Stopped by Ondrej Pavelec without a rebound.
14:06 of 2nd period - Claude Giroux wins face-off versus Valtteri Filppula in Edmonton Oilers zone.
14:35 of 2nd period - Slapshot by Brandon Sutter.
14:35 of 2nd period - Deflect By Scott Laughton.
14:35 of 2nd period - Shot Misses the Net.
14:35 of 2nd period - Puck is out of play.
14:36 of 2nd period - Brock Nelson wins face-off versus Brian Gionta in Edmonton Oilers zone.
14:41 of 2nd period - Scott Laughton is hit by Connor McDavid and loses puck.
15:11 of 2nd period - Slapshot by Ivan Provorov.
15:11 of 2nd period - Deflect By Jacob de la Rose.
15:11 of 2nd period - Stopped by Ondrej Pavelec with a rebound.
15:17 of 2nd period - Nolan Patrick is hit by Jake DeBrusk and loses puck.
17:32 of 2nd period - Icing by Jordan Oesterle.
17:33 of 2nd period - Jake DeBrusk wins face-off versus Nolan Patrick in Edmonton Oilers zone.
17:33 of 2nd period - Jake DeBrusk is hit by Brandon Manning.
17:45 of 2nd period - Michael Raffl is hit by Jake DeBrusk and loses puck.
18:06 of 2nd period - Wrist shot by Michael Raffl.
18:06 of 2nd period - Stopped by Ondrej Pavelec without a rebound.
18:07 of 2nd period - Connor McDavid wins face-off versus Claude Giroux in Edmonton Oilers zone.
18:39 of 2nd period - Snap shot by Brandon Sutter.
18:39 of 2nd period - Stopped by Ondrej Pavelec with a rebound.
18:56 of 2nd period - Travis Konecny is hit by Calvin de Haan and loses puck.
19:03 of 2nd period - Jake DeBrusk is hit by Sean Couturier and loses puck.
19:13 of 2nd period - Off-side.
19:14 of 2nd period - Valtteri Filppula wins face-off versus Nolan Patrick in neutral zone.
19:19 of 2nd period - Snap shot by Milan Lucic.
19:19 of 2nd period - Shot Blocked by Nolan Patrick.
Goals for this period are 0 for Philadelphia Flyers vs 1 for Edmonton Oilers.
Shots for this period are 19 for Philadelphia Flyers vs 10 for Edmonton Oilers.

3rd period


0:01 of 3rd period - Valtteri Filppula wins face-off versus Brandon Sutter in neutral zone.
0:06 of 3rd period - Slapshot by Joel Armia.
0:06 of 3rd period - Stopped by Henrik Lundqvist with a rebound.
0:21 of 3rd period - Brian Gionta is hit by Joel Armia and loses puck.
0:56 of 3rd period - Snap shot by Jake DeBrusk.
0:56 of 3rd period - Shot Misses the Net.
1:05 of 3rd period - Zach Werenski is hit by Zdeno Chara and loses puck.
1:26 of 3rd period - Wrist shot by Nolan Patrick.
1:26 of 3rd period - Stopped by Ondrej Pavelec with a rebound.
1:53 of 3rd period - Snap shot by Milan Lucic.
1:53 of 3rd period - Shot Blocked by Claude Giroux.
2:34 of 3rd period - Josh Bailey is hit by Ivan Provorov and loses puck.
2:41 of 3rd period - Josh Bailey is hit by Brandon Sutter and loses puck.
2:58 of 3rd period - Wrist shot by Jakub Voracek.
2:58 of 3rd period - Shot Blocked by Johnny Oduya.
3:00 of 3rd period - Slapshot by Brandon Manning.
3:00 of 3rd period - Shot Blocked by Calvin de Haan.
3:02 of 3rd period - Wrist shot by Pavel Buchnevich.
3:02 of 3rd period - Shot Misses the Net.
3:04 of 3rd period - Slapshot by Ivan Provorov.
3:04 of 3rd period - Shot Misses the Net.
3:06 of 3rd period - Slapshot by Brandon Manning.
3:06 of 3rd period - Stopped by Ondrej Pavelec without a rebound.
3:07 of 3rd period - Nolan Patrick wins face-off versus Sam Gagner in Edmonton Oilers zone.
3:32 of 3rd period - Jake DeBrusk is hit by Robert Hagg and loses puck.
3:47 of 3rd period - Slapshot by Jordan Eberle.
3:47 of 3rd period - Stopped by Henrik Lundqvist with a rebound.
3:49 of 3rd period - Slapshot by Erik Gustafsson.
3:49 of 3rd period - Stopped by Henrik Lundqvist without a rebound.
3:50 of 3rd period - Connor McDavid wins face-off versus Sean Couturier in Philadelphia Flyers zone.
3:57 of 3rd period - Off-side.
3:58 of 3rd period - Connor McDavid wins face-off versus Sean Couturier in neutral zone.
4:48 of 3rd period - Snap shot by Zdeno Chara.
4:48 of 3rd period - Stopped by Ondrej Pavelec without a rebound.
4:49 of 3rd period - Valtteri Filppula wins face-off versus Nolan Patrick in Edmonton Oilers zone.
4:49 of 3rd period - Valtteri Filppula is hit by Michael Raffl.
4:55 of 3rd period - Jacob de la Rose is hit by Tobias Rieder and loses puck.
5:02 of 3rd period - Snap shot by Tobias Rieder.
5:02 of 3rd period - Shot Misses the Net.
5:04 of 3rd period - Slapshot by Jordan Oesterle.
5:04 of 3rd period - Stopped by Henrik Lundqvist with a rebound.
5:16 of 3rd period - Jordan Oesterle is hit by Ivan Provorov.
5:52 of 3rd period - Pavel Buchnevich is hit by Tyler Pitlick and loses puck.
7:27 of 3rd period - Snap shot by Brenden Dillon.
7:27 of 3rd period - Stopped by Ondrej Pavelec with a rebound.
8:46 of 3rd period - Snap shot by Joel Armia.
8:46 of 3rd period - Stopped by Henrik Lundqvist without a rebound.
8:47 of 3rd period - Brandon Sutter wins face-off versus Connor McDavid in Philadelphia Flyers zone.
9:02 of 3rd period - Snap shot by Connor McDavid.
9:02 of 3rd period - Deflect By Brenden Dillon.
9:02 of 3rd period - Goal by Connor McDavid - Philadelphia Flyers : 0 - Edmonton Oilers : 2.
9:03 of 3rd period - Claude Giroux wins face-off versus Connor McDavid in neutral zone.
9:05 of 3rd period - Minor Penalty to Mark Borowiecki for Interference.
9:06 of 3rd period - Josh Bailey wins face-off versus Brandon Sutter in Philadelphia Flyers zone.
9:44 of 3rd period - Brandon Manning is hit by Sam Gagner and loses puck.
11:05 of 3rd period - Penalty to Mark Borowiecki is over, Mark Borowiecki is back on ice.
11:55 of 3rd period - Brandon Davidson is hit by Travis Konecny and loses puck.
12:07 of 3rd period - Icing by Erik Gudbranson.
12:08 of 3rd period - Valtteri Filppula wins face-off versus Nolan Patrick in Edmonton Oilers zone.
12:08 of 3rd period - Valtteri Filppula is hit by Jacob de la Rose.
12:26 of 3rd period - Snap shot by Connor McDavid.
12:26 of 3rd period - Stopped by Henrik Lundqvist with a rebound.
12:40 of 3rd period - Ivan Provorov is hit by Milan Lucic and loses puck.
13:17 of 3rd period - Backhand shot by Wayne Simmonds.
13:17 of 3rd period - Stopped by Ondrej Pavelec with a rebound.
13:19 of 3rd period - Snap shot by Sean Couturier.
13:19 of 3rd period - Shot Misses the Net.
13:21 of 3rd period - Slapshot by Mark Borowiecki.
13:21 of 3rd period - Shot Blocked by Valtteri Filppula.
13:49 of 3rd period - Snap shot by Brandon Sutter.
13:49 of 3rd period - Stopped by Ondrej Pavelec with a rebound.
14:30 of 3rd period - Minor Penalty to Erik Gudbranson for High sticking.
14:31 of 3rd period - Claude Giroux wins face-off versus Connor McDavid in Edmonton Oilers zone.
16:30 of 3rd period - Penalty to Erik Gudbranson is over, Erik Gudbranson is back on ice.
16:51 of 3rd period - Minor Penalty to Brenden Dillon for Hooking.
16:52 of 3rd period - Brandon Sutter wins face-off versus Sam Gagner in Philadelphia Flyers zone.
18:48 of 3rd period - Erik Gustafsson is hit by Brandon Manning and loses puck.
18:51 of 3rd period - Penalty to Brenden Dillon is over, Brenden Dillon is back on ice.
19:45 of 3rd period - Snap shot by Sean Couturier.
19:45 of 3rd period - Shot Misses the Net.
Goals for this period are 0 for Philadelphia Flyers vs 1 for Edmonton Oilers.
Shots for this period are 6 for Philadelphia Flyers vs 7 for Edmonton Oilers.